 Dungeon Crawl Stone Soup version 0.30.0-30-g96aa6591b8 (webtiles) character file.

Game seed: 10788625443375420305

872 Fodor the Covered (level 7, -7/61 HPs)
             Began as a Minotaur Fighter on June 26, 2023.
             Mangled by an ice beast (13 damage)
             ... on level 5 of the Dungeon.
             The game lasted 00:19:41 (3580 turns).

Fodor the Covered (Minotaur Fighter)                Turns: 3580, Time: 00:19:46

Health: -7/61      AC: 14    Str: 23    XL:     7   Next: 74%
Magic:  6/6        EV: 10    Int:  5    God:
Gold:   340        SH:  0    Dex:  9    Spells: 6/6 levels left

rFire   . . .        n - +3 morningstar
rCold   . . .        (no shield)
rNeg    . . .        b - +0 scale mail
rPois   .            q - +2 hat
rElec   .            (no cloak)
rCorr   .            e - +0 pair of gloves
SInv    .            h - +2 pair of boots
Will    .....        (no amulet) Stlth
                     (no ring)
HPRegen 0.30/turn    (no ring)
MPRegen 0.10/turn

%: no passive effects
@: no status effects
A: horns 2, retaliatory headbutt
a: no special abilities


You were on level 5 of the Dungeon.
You visited 1 branch of the dungeon, and saw 5 of its levels.

You collected 340 gold pieces.

Inventory:

Hand Weapons
 a - a +0 shortbow
 f - a +2 dagger of draining
 k - a +3 dagger
 n - a +3 morningstar (weapon)
Armour
 b - a +0 scale mail (worn)
 c - a +0 buckler
 e - a +0 pair of gloves (worn)
 h - a +2 pair of boots (worn)
 q - a +2 hat (worn)
Scrolls
 l - a scroll of enchant armour
 o - a scroll of vulnerability
Potions
 d - a potion of might
 g - a potion of invisibility {unknown}
 i - 2 potions of heal wounds {unknown}
 m - a potion of magic {unknown}
 p - a potion of attraction


   Skills:
 + Level 5.2 Fighting
 + Level 3.8(4.2) Short Blades
 + Level 2.7(3.9) Long Blades
 + Level 0.3 Maces & Flails
 + Level 2.5 Ranged Weapons
 + Level 0.2 Throwing
 + Level 6.3 Armour
 + Level 3.2 Dodging
 + Level 0.9 Stealth
 + Level 5.5 Shields


You had 6 spell levels left.
You didn't know any spells.
Your spell library contained the following spells:

 Spells                   Type           Power      Damage    Failure   Level
 Beastly Appendage        Tmut           0%         N/A       77%         1
 Summon Small Mammal      Summ           0%         N/A       77%         1
 Blink                    Tloc           0%         N/A       88%         2
 Wereblood                Tmut           0%         N/A       88%         2
 Call Canine Familiar     Summ           0%         N/A       98%         3
 Spider Form              Tmut/Pois      0%         N/A       98%         3
 Summon Guardian Golem    Hex/Summ       0%         N/A       98%         3
 Manifold Assault         Tloc           0%         N/A       100%        4
 Storm Form               Tmut/Air       0%         N/A       100%        7


Dungeon Overview and Level Annotations

Branches:
Dungeon (5/15)
 Temple: D:4-7

Altars:
Kikubaaqudgha
Qazlal


Innate Abilities, Weirdness & Mutations

You have a pair of horns on your head.
You reflexively headbutt those who attack you in melee.


Message History

* * * LOW HITPOINT WARNING * * *
The ice beast barely misses you. The kobold brigand closely misses you.
You furiously retaliate!
You headbutt the kobold brigand. The kobold hits you but does no damage.
You closely miss the ice beast.
The ice beast is heavily wounded.
The kobold brigand hits you but does no damage.
The ice beast barely misses you. The kobold hits you but does no damage.
You completely miss the ice beast.
The ice beast is heavily wounded.
The kobold brigand barely misses you. You furiously retaliate!
You headbutt the kobold brigand!
The ice beast hits you but does no damage.
The kobold hits you but does no damage.
The kobold brigand hits you but does no damage.
The ice beast hits you but does no damage.
The kobold hits you but does no damage.
Really read the scroll of vulnerability? [Y]es or [N]o only, please.
Really read the scroll of vulnerability? [Y]es or [N]o only, please.
Really read the scroll of vulnerability? [Y]es or [N]o only, please.
Really read the scroll of vulnerability? [Y]es or [N]o only, please.
Really read the scroll of vulnerability? [Y]es or [N]o only, please.
Really read the scroll of vulnerability? [Y]es or [N]o only, please.
Really read the scroll of vulnerability? [Y]es or [N]o only, please.
Really read the scroll of vulnerability?
Okay, then.
You barely miss the ice beast. Your headbutt misses the ice beast.
The ice beast is heavily wounded.
The kobold brigand barely misses you. You furiously retaliate!
You headbutt the kobold brigand. The ice beast hits you.
* * * LOW HITPOINT WARNING * * *
The ice beast freezes you!
You die...

..$........#...##### ...
..............##.#.#....
..............†#........
..........).......>.....
......#...#####.........
....# #...# #>.........
#..<.##)### ##.........
# #.....Y.# ##........
#.##..@.# #........
###KK# .....##.. #)##
......# .
#...).............
#...##K.........##$
....# ..##.. .>###. .# .
.. .. .. ..


You could see an ice beast, a kobold brigand and a kobold.

Vanquished Creatures
  A water moccasin (D:5)
  An ice beast (D:5)
  A centaur (D:5)
  An ogre (D:5)
  2 scorpions
  2 howler monkeys
  The ghost of hawla the Firebug, a weakling MeFE (D:3)
  A jelly (D:4)
  Crazy Yiuf (D:2)
  7 gnolls
  7 adders
  2 worms
  4 dart slugs
  11 endoplasms
  9 goblins
  11 hobgoblins
  2 quokkas (D:4)
  7 ball pythons
  9 bats
  17 kobolds
  6 rats
103 creatures vanquished.

Notes
Turn   | Place    | Note
-------+----------+-------------------------------------------
     0 | D:1      | Fodor the Minotaur Fighter began the quest for the Orb.
     0 | D:1      | Reached XP level 1. HP: 19/19 MP: 0/0
   131 | D:1      | Reached XP level 2. HP: 21/26 MP: 1/1
   610 | D:2      | Reached XP level 3. HP: 33/33 MP: 2/2
   711 | D:2      | Reached skill level 4 in Armour
  1017 | D:2      | Reached skill level 1 in Short Blades
  1017 | D:2      | Reached skill level 1 in Dodging
  1117 | D:2      | Reached XP level 4. HP: 40/40 MP: 3/3
  1468 | D:2      | Found a runed translucent door.
  1469 | D:2      | Noticed Crazy Yiuf
  1475 | D:2      | Killed Crazy Yiuf
  1559 | D:3      | Found a runed translucent door.
  1560 | D:3      | Noticed hawla's ghost (weakling MeFE)
  1578 | D:3      | Killed hawla's ghost
  1579 | D:3      | Reached XP level 5. HP: 41/46 MP: 4/4
  1710 | D:3      | Reached skill level 5 in Armour
  2467 | D:4      | Found a stormy altar of Qazlal.
  2587 | D:4      | Reached XP level 6. HP: 53/53 MP: 5/5
  2633 | D:4      | Found an ancient bone altar of Kikubaaqudgha.
  2655 | D:4      | Reached skill level 5 in Shields
  3389 | D:5      | Entered Level 5 of the Dungeon
  3394 | D:5      | Noticed an ice beast
  3405 | D:5      | Killed an ice beast
  3406 | D:5      | Reached skill level 6 in Armour
  3408 | D:5      | Reached XP level 7. HP: 55/60 MP: 6/6
  3506 | D:5      | Reached skill level 1 in Ranged Weapons
  3551 | D:5      | Reached skill level 5 in Fighting
  3580 | D:5      | Mangled by an ice beast

Illustrated notes

Levels and vault maps discovered:
D:1:      psy_arrival_dodecagon, layout_rooms, serial_bayou,
          serial_bayou_pond_e, serial_bayou_ford_a, serial_bayou_pond_c,
          serial_bayou_crossing, serial_bayou_shore_b, minmay_tree_intersection
D:2:      minmay_kobold_bridge, layout_basic, minmay_tripent,
          uniq_crazy_yiuf_cottage
D:3:      layout_basic, ebering_ghost_reflecting_pool
D:4:      layout_basic, amcnicky_altar_gilded, mainiacjoe_overflow_boulevard,
          serial_bayou, serial_bayou_pond_a, serial_bayou_pond_c,
          serial_bayou_lagoon_a, serial_bayou_shore_b, serial_bayou_shore_b,
          serial_bayou_lagoon_b
D:5:      layout_cave_pools, nicolae_dithmenos_the_darkroom,
          minmay_temple_entry_junction, serial_bayou, serial_bayou_pond_b,
          serial_bayou_pond_e, serial_bayou_pond_e, serial_bayou_shore_a,
          serial_bayou_pond_e, minmay_misc_feat_rugged, nicolae_sextant,
          minivault_25, roderic_nine_men_s_morris

Skill      XL: |  1  2  3  4  5  6  7 |
---------------+----------------------+-----
Shields        | 4 5 |  5.5
Fighting       | 4 5 |  5.2
Armour         | 4 5 6 |  6.3
Short Blades   | 1 2 3 |  3.8
Dodging        | 1 2 3 |  3.2
Ranged Weapons | 2 |  2.5
Long Blades    | |  2.7
Maces & Flails | |  0.3
Throwing       | |  0.2
Stealth        | |  0.9

Action                     |  1- 3 |  4- 6 |  7- 9 || total
---------------------------+-------+-------+-------++-------
  Melee: Dagger            |    95 |   127 |       ||   222
         Long sword        |     7 |       |       ||     7
         Headbutt          |    15 |    22 |     5 ||    42
         Morningstar       |       |       |    28 ||    28
   Fire: Shortbow          |       |       |    22 ||    22
  Throw: Throwing net      |       |     2 |       ||     2
    Use: Scroll            |     2 |     5 |       ||     7
         Potion            |       |       |     2 ||     2
   Stab: Held in net/web   |       |     1 |       ||     1
 Armour: Scale mail        |    46 |    63 |    55 ||   164
  Dodge: Dodged            |    58 |    74 |    45 ||   177
  Block: Buckler           |    17 |    29 |       ||    46
